 Dungeon Crawl Stone Soup version 0.19-a0-970-g9a4211b (webtiles) character file.

9235 Musica the Impaler (level 11, -1/90 HPs)
             Began as a Merfolk Gladiator on July 12, 2016.
             Was a Priest of Hepliaklqana.
             Slain by Fannar
             ... wielding an uncursed staff of cold
              (16 damage)
             ... on level 1 of the Orcish Mines on July 13, 2016.
             The game lasted 00:43:34 (11582 turns).

Musica the Impaler (Merfolk Gladiator)             Turns: 11582, Time: 00:43:35

Health: -1/90      AC:  8    Str: 20    XL:     11   Next: 43%
Magic:  18/18      EV: 15    Int:  8    God:    Hepliaklqana [***...]
Gold:   747        SH:  0    Dex: 22    Spells: 2 memorised, 18 levels left

rFire  . . .     SeeInvis .     v - +0 halberd
rCold  . . .     Gourm    .     Q - +0 steam dragon armour
rNeg   . . .     Faith    .     (shield currently unavailable)
rPois  .         Spirit   .     c - +0 helmet
rElec  .         Dismiss  .     D - +0 cloak {MR+}
rCorr  .         Reflect  .     E - +0 pair of gloves
SustAt .         Harm     .     (no boots)
MR     +....                    (no amulet)
Stlth  ++........               (no ring)
                                x - +4 ring of dexterity

@: mighty, drained, somewhat resistant to hostile enchantments, unstealthy
A: change form in water, swift swim
a: Recall Ancestor, Ancestor Identity, Transference, Renounce Religion


You were on level 1 of the Orcish Mines.
You worshipped Hepliaklqana.
Hepliaklqana was most pleased with you.
You were not hungry.

You visited 3 branches of the dungeon, and saw 14 of its levels.

You collected 891 gold pieces.
You spent 144 gold pieces at shops.

Inventory:

Hand Weapons
 e - a +0 glaive
 v - a +0 halberd (weapon)
Missiles
 d - 3 throwing nets
 h - 29 poisoned needles
 i - 5 poisoned tomahawks
 l - 2 needles of sleeping
 M - 26 tomahawks (quivered)
Armour
 c - a +0 helmet (worn)
 D - a +0 cloak of magic resistance (worn)
 E - a +0 pair of gloves (worn)
 H - a +2 robe of fire resistance
 J - a +0 ring mail of cold resistance
 Q - a +0 steam dragon armour (worn)
 U - the +3 scale mail of the Lute {Stlth+}
   (You found it on level 8 of the Dungeon)

   It makes you more stealthy.
Jewellery
 j - an uncursed ring of protection from magic
 x - a +4 ring of dexterity (left hand)
 W - an uncursed ring of stealth
Wands
 b - a wand of flame (14/48)
 g - a wand of flame (2/48)
 n - a wand of heal wounds (6/9)
 y - a wand of slowing (3/48)
 C - a wand of confusion (16/48)
 F - a wand of lightning (8/15)
 O - a wand of paralysis (14/24)
Scrolls
 p - 2 scrolls of magic mapping
 q - 3 scrolls of identify
 r - 4 scrolls of enchant weapon
 t - a scroll of enchant armour
 B - 4 scrolls of teleportation
 L - 2 scrolls of fog
 N - a scroll of amnesia
 P - a scroll of blinking
Potions
 a - a potion of agility
 k - 2 potions of flight
 m - 2 potions of lignification
 s - a potion of brilliance
 w - a potion of might
 A - 2 potions of cancellation
 V - 3 potions of curing
Books
 u - a book of Cantrips

   Spells                             Type                      Level
   a - Confusing Touch                Hexes                        1
   b - Animate Skeleton               Necromancy                   1
   c - Summon Small Mammal            Summoning                    1
   d - Apportation                    Translocation                1
Comestibles
 f - 3 bread rations
 o - 12 fruits
 z - 8 meat rations
 T - 3 slices of pizza


   Skills:
 + Level 10.1(9.4) Fighting
 + Level 15.8(15.0) Polearms
 + Level 2.0(1.4) Throwing
 + Level 4.2(3.7) Dodging
 + Level 5.2(4.6) Spellcasting
 + Level 4.1(3.5) Necromancy
 * Level 6.1(5.5) Invocations


You had 18 spell levels left.
You knew the following spells:

 Your Spells              Type           Power        Failure   Level  Hunger
a - Animate Skeleton      Necr           N/A          10%         1    #......
b - Confusing Touch       Hex            #.....       30%         1    #......


Dungeon Overview and Level Annotations

Branches:
Dungeon (12/15)            Temple (1/1) D:7            Lair (0/6) D:11
    Orc (1/2) D:11

Altars:
Ashenzari
Cheibriados
Dithmenos
Elyvilon
Fedhas
Gozag
Hepliaklqana
Kikubaaqudgha
Makhleb
Nemelex Xobeh
Okawaru
Pakellas
Qazlal
Ru
Sif Muna
Trog
Uskayaw
Vehumet
Xom
Yredelemnul
Zin
The Shining One

Shops:
D:2 *   D:11 (   Orc:1 !

Annotations:
Orc:1 Fannar, Nergalle


Message History

Fannar is heavily wounded.
You hit Fannar.
Fannar is severely wounded.
Fannar hits you but does no damage. The ice beast completely misses you.
You barely miss Fannar.
Fannar is severely wounded.
The ice beast hits you but does no damage.
Fannar barely misses you.
You slash Fannar!
Fannar is severely wounded.
The ice beast barely misses you.
You closely miss Fannar.
Fannar is severely wounded.
Fannar barely misses you.
You closely miss Fannar.
Fannar is severely wounded.
The ice beast misses you. Fannar hits you with a staff of cold.
* * * LOW HITPOINT WARNING * * *
Fannar freezes you!
You die...

.......$.#....####
...#)............##
..#..)......$.....#
..........#......##
.....)....#.......#
....#.....[......##
.....#..∩......##.##
..............##...#
...#.#..>.....))@..#
...#...........eY)##
.........#..#..).<###
##$#........##.#..#.##
##$.......#####.....#
##......## ##.#.##
###.#... ##### #....
....#


You could see Fannar and an ice beast.

Vanquished Creatures
  A hill giant (D:10)
  2 cyclopes (D:11)
  A manticore (D:11)
  Maurice (D:11)
  Joseph (D:9)
  2 yaks (D:8)
  A wraith (D:11)
  2 wyverns
  A hippogriff (D:8)
  A steam dragon (D:9)
  2 hungry ghosts
  The ghost of Ylmarch the Conjurer, an amateur DrWz (D:4)
  7 orc warriors
  2 wasps
  3 sky beasts
  2 ice beasts
  A phantom (D:4)
  2 necrophages (D:8)
  2 centaurs
  2 ogres
  The ghost of Gottschkopf the Magician, an amateur DEFE (D:3)
  3 big kobolds
  3 giant frogs
  A scorpion (D:9)
  4 wights (D:6)
  4 electric eels (D:8)
  2 howler monkeys
  3 giant frog zombies
  2 crimson imps
  4 jellies
  6 orc priests
  Crazy Yiuf (D:4)
  4 hounds
  A gnoll shaman (D:8)
  2 centaur skeletons
  9 worker ants
  12 orc wizards
  3 sheep
  2 hound skeletons
  A worker ant zombie (D:10)
  13 adders
  8 gnolls
  4 oozes
  5 worms
  A dart slug (D:1)
  3 giant geckos
  35 orcs
  5 bats
  7 giant cockroaches
  5 goblins
  6 hobgoblins
  10 jackals
  3 quokkas
  A giant gecko skeleton (D:4)
  3 giant newts
  10 kobolds
  11 rats
  A fungus (D:1)
236 creatures vanquished.

Vanquished Creatures (collateral kills)
  A hydra (D:8)
  A komodo dragon (D:11)
  A wyvern (D:11)
  A sky beast (D:9)
  An orc warrior (D:11)
  A centaur (D:8)
  A big kobold (D:8)
  A scorpion (D:8)
  A howler monkey (D:8)
  A quasit (D:7)
  2 crimson imps
  A jelly (D:11)
  An orc priest (D:11)
  2 orc wizards (Orc:1)
  A sheep (D:11)
  A hound skeleton (D:7)
  A gnoll (D:8)
  2 orcs
  2 jackals (D:8)
  A plant (D:11)
24 creatures vanquished.

Vanquished Creatures (others)
  2 hexers (Orc:1)
  2 ancestors
  A plant (D:11)
5 creatures vanquished.

Grand Total: 265 creatures vanquished

Notes
Turn   | Place    | Note
-------+----------+-------------------------------------------
     0 | D:1      | Musica the Merfolk Gladiator began the quest for the Orb.
     0 | D:1      | Reached XP level 1. HP: 16/16 MP: 1/1
    66 | D:1      | Reached skill level 5 in Polearms
    66 | D:1      | Reached XP level 2. HP: 22/23 MP: 2/2
   362 | D:1      | Reached XP level 3. HP: 21/28 MP: 3/3
   622 | D:2      | Found Gozag's Platinum Reserve.
   654 | D:2      | Found an opulent altar of Gozag.
   693 | D:2      | Reached skill level 6 in Polearms
   767 | D:2      | Reached XP level 4. HP: 34/35 MP: 4/4
  1345 | D:3      | Reached skill level 7 in Polearms
  1345 | D:3      | Reached XP level 5. HP: 41/41 MP: 5/5
  1526 | D:3      | Noticed Gottschkopf's ghost (amateur DEFE)
  1541 | D:3      | Killed Gottschkopf's ghost
  2016 | D:4      | Noticed Ylmarch's ghost (amateur DrWz)
  2032 | D:4      | Killed Ylmarch's ghost
  2032 | D:4      | Reached skill level 8 in Polearms
  2032 | D:4      | Reached XP level 6. HP: 16/49 MP: 6/6
  2407 | D:4      | Reached skill level 9 in Polearms
  2461 | D:4      | HP: 2/49 [gnoll/spear (9)]
  2623 | D:4      | Reached XP level 7. HP: 19/55 MP: 7/7
  3052 | D:4      | Reached skill level 5 in Fighting
  3142 | D:5      | Entered Level 5 of the Dungeon
  3220 | D:4      | Reached skill level 10 in Polearms
  3232 | D:4      | Found a runed door.
  3805 | D:4      | Noticed Crazy Yiuf
  3810 | D:4      | Killed Crazy Yiuf
  4671 | D:6      | Found a sacrificial altar of Ru.
  4735 | D:6      | Learned a level 1 spell: Animate Skeleton
  4762 | D:6      | Reached skill level 11 in Polearms
  4762 | D:6      | Reached XP level 8. HP: 54/64 MP: 8/8
  5405 | D:6      | Found an oddly glowing altar of Pakellas.
  5409 | D:6      | Found a hazy altar of Hepliaklqana.
  5469 | D:6      | Reached skill level 1 in Spellcasting
  5475 | D:6      | Reached skill level 12 in Polearms
  5787 | D:6      | Reached skill level 1 in Necromancy
  6106 | D:7      | Found a staircase to the Ecumenical Temple.
  6124 | Temple   | Entered the Ecumenical Temple
  6368 | D:7      | Found a glowing silver altar of Zin.
  6568 | D:7      | Reached XP level 9. HP: 72/72 MP: 12/12
  6638 | D:6      | Became a worshipper of Hepliaklqana
  6995 | D:8      | Reached skill level 1 in Invocations
  7117 | D:8      | Found a shadowy altar of Dithmenos.
  7245 | D:8      | Reached skill level 13 in Polearms
  7820 | D:8      | Reached XP level 10. HP: 36/81 MP: 13/15
  7854 | D:8      | Noticed a two-headed hydra
  7865 | D:8      | Killed a one-headed hydra
  7878 | D:8      | Got a warped scale mail
  7976 | D:8      | Found a radiant altar of Vehumet.
  8150 | D:9      | Reached * piety under Hepliaklqana
  8364 | D:9      | Reached skill level 14 in Polearms
  8400 | D:9      | Noticed Joseph
  8425 | D:9      | Killed Joseph
  8725 | D:9      | Found a stormy altar of Qazlal.
  8855 | D:10     | Entered Level 10 of the Dungeon
  9125 | D:10     | Reached ** piety under Hepliaklqana
  9126 | D:10     | Remembered your ancestor Centenhua as a hexer
  9256 | D:10     | Noticed a hill giant
  9275 | D:10     | Killed a hill giant
  9336 | D:10     | Reached skill level 5 in Invocations
  9399 | D:10     | Identified the +3 scale mail of the Lute {Stlth+} (You found it on level 8 of the Dungeon)
  9727 | D:10     | Gained mutation: Your spells are a little easier to cast, but a little less powerful. [mutagenic meat]
  9730 | D:10     | Gained mutation: You are partially covered in slimy green scales. (AC +2) [mutagenic meat]
  9733 | D:10     | Gained mutation: Your spells are easier to cast, but less powerful. [mutagenic meat]
  9736 | D:10     | Gained mutation: You are weak. (Str -2) [mutagenic meat]
  9753 | D:10     | Lost mutation: Your spells are easier to cast, but less powerful. [potion of cure mutation]
  9753 | D:10     | Lost mutation: Your spells are a little easier to cast, but a little less powerful. [potion of cure mutation]
  9753 | D:10     | Lost mutation: You are weak. (Str -2) [potion of cure mutation]
  9753 | D:10     | Lost mutation: You are partially covered in slimy green scales. (AC +2) [potion of cure mutation]
 10005 | D:11     | Noticed a manticore
 10012 | D:11     | Killed a manticore
 10012 | D:11     | Reached XP level 11. HP: 50/90 MP: 16/18
 10080 | D:11     | Found a staircase to the Lair.
 10171 | D:11     | Reached skill level 15 in Polearms
 10415 | D:11     | Found a staircase to the Orcish Mines.
 10436 | D:11     | Upgraded the game from 0.19-a0-965-g50bf062 to 0.19-a0-970-g9a4211b
 10527 | D:12     | Reached *** piety under Hepliaklqana
 10605 | D:11     | Learned a level 1 spell: Confusing Touch
 10612 | D:11     | Noticed a cyclops
 10632 | D:11     | Killed a cyclops
 10632 | D:11     | Reached skill level 5 in Spellcasting
 10634 | D:11     | Found Eduilu's Weapon Boutique.
 10845 | D:11     | Noticed Maurice
 10865 | D:11     | Killed Maurice
 10865 | D:11     | Reached skill level 10 in Fighting
 10989 | D:11     | Noticed a cyclops
 10995 | D:11     | Killed a cyclops
 11091 | Orc:1    | Entered Level 1 of the Orcish Mines
 11116 | Orc:1    | Found Zaifut's Distillery.
 11516 | Orc:1    | Bought a potion of agility for 48 gold pieces
 11516 | Orc:1    | Bought a potion of might for 48 gold pieces
 11516 | Orc:1    | Bought a potion of might for 48 gold pieces
 11522 | Orc:1    | Noticed Nergalle
 11527 | Orc:1    | Noticed Fannar
 11582 | Orc:1    | Slain by Fannar

Vault maps used:
D:1:      onia_arrival_larder, minmay_gold_behind_fungi
D:2:      nicolae_gozag_zags_fifth_avenue, grunt_decor_resistance
D:4:      uniq_crazy_yiuf_cottage
D:5:      first_bread
D:6:      nicolae_overflow_hidden_temple, nicolae_ru_great_annihilating_truth
D:7:      lemuel_coloured_pillars_altar
D:8:      statuecave_lemuel, vehumet_crystals, old_standard_altar,
          hangedman_ranch
D:9:      old_standard_altar, uniq_joseph
D:10:     solitary_fountain
D:11:     david_lair_shrubbed, orc_david_3, uniq_maurice
D:12:     nicolae_trove_entry_free_sample, serial_curves, eino_curves_02,
          eino_curves_02, minmay_stone_trees_small, uniq_harold
Temple:   regret_index_temple_waves
Orc:1:    basic_altar, serial_shops, shop, nicolae_orc_rockfall, uniq_snorg,
          uniq_fannar, uniq_nergalle

Skill      XL: |  1  2  3  4  5  6  7  8  9 10 11 |
---------------+----------------------------------+-----
Polearms       | 5 6 7 8 9 11 12 13 14 15 | 15.8
Fighting       | 3 4 6 7 8 9 10 | 10.1
Spellcasting   | 2 3 4 5 |  5.2
Necromancy     | 1 2 3 4 |  4.1
Invocations    | 3 5 6 |  6.1
Throwing       | |  2.0
Dodging        | |  4.2

Action                   |  1- 3 |  4- 6 |  7- 9 | 10-12 || total
-------------------------+-------+-------+-------+-------++-------
Melee: Trident           |   119 |   106 |       |       ||   225
       Halberd           |       |    25 |   368 |   350 ||   743
       Tailslap          |       |       |     2 |       ||     2
Throw: Tomahawk          |       |       |       |     5 ||     5
 Cast: Animate Skeleton  |       |       |    15 |    37 ||    52
Invok: Ancestor Life: He |       |       |       |     1 ||     1
       Recall Ancestor   |       |       |       |     4 ||     4
Evoke: Wand              |       |       |     3 |    12 ||    15
  Use: Scroll            |       |     6 |    10 |     8 ||    24
       Potion            |       |    11 |     4 |     8 ||    23
 Stab: Sleeping          |     1 |     1 |     4 |     3 ||     9
       Distracted        |     1 |     2 |     2 |     1 ||     6
       Invisible         |       |       |     1 |       ||     1
       Paralysed         |       |       |     1 |       ||     1
       Confused          |       |       |       |    13 ||    13
  Eat: Chunk             |       |     2 |    11 |    14 ||    27
       Bread ration      |       |     1 |       |       ||     1
       Fruit             |       |       |     6 |       ||     6
       Pizza             |       |       |     1 |     4 ||     5
       Beef jerky        |       |       |       |     1 ||     1
Armor: Leather armour    |    21 |    17 |     9 |       ||    47
       Ring mail         |       |       |    55 |    27 ||    82
       Skin              |       |       |     3 |       ||     3
       Scale mail        |       |       |       |     6 ||     6
       Steam dragon armo |       |       |       |     9 ||     9
Dodge: Dodged            |    57 |    58 |   132 |   115 ||   362
